Map: New Gettysburg LE

Players

Amix

  • Race: Protoss Protoss
  • League: Platinum
  • Spawn Location: 5:00

Meepo - Winner!

  • Race: Protoss Protoss
  • League: Silver
  • Spawn Location: 7:00

VOD

Have the link to the VOD?

Description

Time

  • Played on: Nov. 6, 2016, 12:21 p.m.
  • Length: 8:56
Show
View Real Time Build Order
Export as new Build Order

Amix Protoss 

Build Orders:  

Get SALT Encoding   

  12  0:01  Probe (Chrono Boost)  
  13  0:15  Pylon  
  13  0:18  Probe (Chrono Boost)  
  14  0:29  Probe (Chrono Boost)  
  15  0:37  Gateway  
  15  0:45  Probe (Chrono Boost)  
  16  0:51  Assimilator  
  16  0:55  Probe (Chrono Boost)  
  17  1:05  Pylon  
  17  1:11  Probe (Chrono Boost)  
  18  1:14  Assimilator  
  18  1:31  Probe (Chrono Boost)  
  19  1:43  Cybernetics Core  
  19  1:47  Gateway  
  19  1:49  Gateway  
  19  1:50  Probe (Chrono Boost)  
  20  2:00  Probe (Chrono Boost)  
  21  2:01  Pylon  
  21  2:11  Probe (Chrono Boost)  
  22  2:16  Zealot  
  22  2:20  Warp Gate (Chrono Boost)  
  24  2:28  Mothership Core  
  26  2:46  Gateway x2  
  26  3:06  Probe  
  26  3:08  Twilight Council  
  27  3:21  Probe  
  28  3:42  Pylon  
  28  3:44  Pylon x2  
  28  3:48  Resonating Glaives (Chrono Boost)  
  28  4:13  Adept x3  
  28  4:14  Adept  
  28  4:15  Adept  
  38  4:38  Stalker  
  38  4:39  Stalker  
  38  4:42  Stalker x2  
  41  5:15  Stalker  
  41  5:16  Stalker x2  
  47  5:26  Adept x2  
  51  5:48  Adept x2  
  55  5:56  Pylon  
  55  5:59  Pylon  
  55  6:01  Pylon  
  55  6:17  Stalker  
  55  6:18  Stalker  
  37  7:12  Adept x2  
  37  7:13  Adept x2  
  37  7:14  Adept  
  45  7:28  Pylon  
  45  7:30  Pylon  
  43  8:11  Adept x2  
  43  8:12  Adept x3  
  49  8:46  Adept x2  
  49  8:47  Adept x3  
Show
View Real Time Build Order
Export as new Build Order

Meepo Protoss - Winner!

Build Orders: 1 Gate Expand 

Get SALT Encoding   

  12  0:01  Probe (Chrono Boost)  
  13  0:12  Probe (Chrono Boost)  
  14  0:19  Pylon  
  14  0:23  Probe (Chrono Boost)  
  15  0:40  Gateway  
  15  0:43  Probe (Chrono Boost)  
  16  0:54  Probe (Chrono Boost)  
  17  0:57  Assimilator  
  17  1:04  Probe (Chrono Boost)  
  18  1:23  Nexus  
  18  1:29  Assimilator  
  18  1:42  Pylon  
  18  1:47  Pylon  
  18  1:49  Probe (Chrono Boost)  
  19  1:59  Probe (Chrono Boost)  
  19  2:00  Pylon  
  20  2:11  Cybernetics Core  
  20  2:23  Probe (Chrono Boost)  
  20  2:27  Gateway  
  21  2:39  Probe (Chrono Boost)  
  21  2:40  Probe (Chrono Boost)  
  23  2:44  Stalker  
  23  2:49  Probe (Chrono Boost)  
  26  2:51  Warp Gate (Chrono Boost)  
  26  2:56  Probe  
  27  3:05  Gateway  
  27  3:12  Probe  
  28  3:13  Mothership Core  
  28  3:18  Stalker  
  32  3:32  Robotics Facility  
  32  3:47  Probe x2  
  34  3:58  Stalker, Gateway  
  34  3:59  Probe  
  34  4:02  Pylon  
  37  4:05  Probe  
  38  4:17  Probe x2  
  38  4:20  Observer (Chrono Boost)  
  41  4:29  Probe  
  42  4:32  Twilight Council  
  42  4:44  Warp Prism (Chrono Boost)  
  44  4:50  Stalker  
  44  4:51  Stalker x2  
  44  4:52  Probe x2  
  52  4:57  Pylon  
  52  5:04  Probe  
  53  5:07  Stalker  
  55  5:21  Probe x2  
  57  5:33  Probe (Chrono Boost)  
  57  5:34  Probe (Chrono Boost)  
  57  5:35  Nexus  
  59  5:36  Pylon  
  59  5:41  Blink (Chrono Boost)  
  59  5:44  Probe (Chrono Boost)  
  59  5:47  Probe (Chrono Boost)  
  59  5:48  Assimilator  
  61  5:50  Assimilator  
  61  5:55  Probe (Chrono Boost)  
  62  5:57  Stalker x2  
  62  5:58  Probe (Chrono Boost)  
  67  6:05  Dark Shrine  
  67  6:06  Probe  
  68  6:13  Stalker  
  68  6:14  Stalker  
  72  6:23  Stalker x2  
  72  6:39  Stalker x2  
  66  6:50  Stalker x2  
  66  7:07  Stalker  
  66  7:08  Stalker  
  67  7:14  Probe x2  
  67  7:15  Probe  
  69  7:25  Probe  
  69  7:26  Probe  
  69  7:27  Probe  
  72  7:36  Probe  
  72  7:38  Probe  
  72  7:39  Probe  
  72  7:43  Pylon  
  75  7:46  Gateway  
  75  7:48  Gateway  
  75  7:55  Stalker  
  75  7:56  Stalker x3  
  78  8:13  Pylon  
  78  8:15  Probe, Pylon  
  78  8:16  Immortal  
  78  8:17  Probe x2  
  85  8:38  Dark Templar x2  
  85  8:39  Dark Templar  
  91  8:41  Zealot x2  
Tags
 
Add a new tag
Caveats
  • Supply blocks, unpowered buildings, or Contaminate may cause inaccurate times.
  • Supply counts are checked every 10 seconds.